 Dungeon Crawl Stone Soup version 0.18.1-48-g4cf74bf (webtiles) character file.

1866 dvd the Shield-Bearer (level 8, -4/65 HPs)
             Began as a Deep Dwarf Fighter on Sept 7, 2016.
             Slain by a phantasmal warrior (15 damage)
             ... led by a death knight
             ... on level 7 of the Dungeon.
             The game lasted 00:16:20 (4739 turns).

dvd the Shield-Bearer (Deep Dwarf Fighter)          Turns: 4739, Time: 00:16:21

Health: -4/65      AC:  8    Str: 28    XL:     8   Next: 90%
Magic:  8/8        EV: 13    Int:  6    God:
Gold:   267        SH: 11    Dex: 13    Spells: 0 memorised, 7 levels left

rFire  . . .     SeeInvis .     F - +1 hand axe "Bafegae" {elec, +Blink +Fly Str+8 Int-4}
rCold  . . .     Gourm    .     D - +1 leather armour {MR+}
rNeg   . . .     Faith    .     c - +0 shield
rPois  +         Spirit   .     (helmet restricted)
rElec  .         Dismiss  .     m - +1 cloak
rCorr  .         Reflect  .     A - +2 pair of gloves of the Iron Devil {*Confuse +Blink rPois}
SustAt +         Harm     .     (no boots)
MR     +....                    (no amulet)
Stlth  +.........               o - ring of loudness
                                u - ring of sustain attributes

@: vulnerable, non-regenerating, somewhat resistant to hostile enchantments,
very unstealthy
A: damage resistance, recharge devices, horns 1, deformed body, frail 1, sense
surroundings 1, slow regeneration 3
a: Device Recharging, Evoke Blink, Evoke Flight


You were on level 7 of the Dungeon.
You were very hungry.

You visited 2 branches of the dungeon, and saw 8 of its levels.

You collected 267 gold pieces.

Inventory:

Hand Weapons
 a - a +1 war axe
 q - a +2 hand axe of electrocution
 x - a +0 trident of protection
 F - the +1 hand axe "Bafegae" (weapon) {elec, +Blink +Fly Str+8 Int-4}
   (You found it on level 6 of the Dungeon)

   Occasionally, upon striking a foe, it will discharge some electrical energy
   and cause terrible harm.
   It affects your strength (+8).
   It affects your intelligence (-4).
   It lets you fly.
   It lets you blink.
Missiles
 r - a poisoned tomahawk (quivered)
Armour
 b - a +0 scale mail
 c - a +0 shield (worn)
 m - a +1 cloak (worn)
 v - a +0 pair of gloves
 w - a +2 scale mail of fire resistance
 y - a +2 leather armour of poison resistance
 A - the +2 pair of gloves of the Iron Devil (worn) {*Confuse +Blink rPois}
   (You found it on level 5 of the Dungeon)

   It protects you from poison.
   It lets you blink.
   It may confuse you when you take damage.
 D - a +1 leather armour of magic resistance (worn)
Jewellery
 d - the ring "Nahum" {Wiz *Confuse rPois rN+}
   (You found it on level 4 of the Dungeon)

   [ring of wizardry]

   It improves your spell success rate.
   It protects you from poison.
   It protects you from negative energy.
   It may confuse you when you take damage.
 n - an uncursed ring of ice
 o - a ring of loudness (right hand)
 u - a ring of sustain attributes (left hand)
 E - an uncursed ring of flight
Wands
 e - a wand of heal wounds (5/9)
 h - a wand of paralysis (22/24)
 p - a wand of confusion (28/48)
 z - a wand of paralysis (9/24)
Scrolls
 g - 4 scrolls of magic mapping
 j - 2 scrolls of identify
 l - a scroll of recharging
 s - 2 scrolls of remove curse
Potions
 k - a potion of might
 t - a potion of curing
Comestibles
 f - 2 bread rations
 i - 4 meat rations


   Skills:
 + Level 4.6 Fighting
 + Level 5.4 Axes
 + Level 2.6 Throwing
 + Level 5.5 Armour
 + Level 5.7 Dodging
 + Level 3.4 Stealth
 + Level 6.7 Shields
 + Level 1.1 Evocations


You had 7 spell levels left.
You didn't know any spells.

Dungeon Overview and Level Annotations

Branches:
Dungeon (7/15)             Temple (1/1) D:7

Altars:
Ashenzari
Cheibriados
Dithmenos
Fedhas
Makhleb
Nemelex Xobeh
Ru
Sif Muna
Trog
Vehumet
Xom
Yredelemnul
Zin


Innate Abilities, Weirdness & Mutations

You are resistant to damage.
You can recharge devices by infusing magical energy.
You passively map a small area around you.
You do not regenerate naturally.
You have a pair of small horns on your head.
Armour fits poorly on your strangely shaped body.
You are frail (-10% HP).


Message History

The death knight shouts!
You hit the worker ant but do no damage.
The worker ant is severely wounded.
You hit the phantasmal warrior but do no damage.
There is a sudden explosion of sparks!
The phantasmal warrior is heavily damaged.
The worker ant bites you. The gnoll closely misses you.
The phantasmal warrior hits you!
* * * LOW HITPOINT WARNING * * *
Your magical defenses are stripped away!
You block the worker ant's attack. The gnoll hits you but does no damage.
You block the gnoll's attack.
A phantasmal warrior comes into view.
Read which item? (? for menu, Esc to quit)
Okay, then.
Unknown command.
The phantasmal warrior blinks!
You block the worker ant's attack.
You block the phantasmal warrior's attack.
The worker ant bites you. The phantasmal warrior hits you!!
You die...

##.###....###.###<..((..W.
##.##.....##.####..)W.....
##.###...##)##..#..)..p...
, ##.#
#...##.#.#.#.)###.##. ...#
#....##.####p.# ,
########.####.##...# * , ,
, #......# ##.##.g.# ,
#.########..##.a(# #.#
#.....@..#
###.#######.#####W## ,
....##...##.#####.## ####
.#### #........##...## #..
, , .# #..##.##.......#
#.# * .###
#.###.#####.#..###.####
'### #.#
#.................# #
.⌠#####.#
####........##.##.#*.#
>.'.....###
#.#.##...##.##.##.#


You could see a death knight, 2 phantasmal warriors, a worker ant and a gnoll.

Vanquished Creatures
  The ghost of Biblin the Firebug, a novice GrFE of Vehumet (D:5)
  Prince Ribbit (D:6)
  Grinder (D:4)
  Eustachio (D:4)
  An orc warrior (D:7)
  A phantom (D:6)
  An ogre (D:6)
  A giant frog (D:3)
  A gnoll sergeant (D:7)
  A water moccasin zombie (D:6)
  A crimson imp (D:4)
  A jelly (D:4)
  2 centaur zombies (D:5)
  A giant frog zombie (D:7)
  2 orc priests (D:4)
  A giant frog skeleton (D:6)
  3 hounds
  A worker ant (D:4)
  2 hound zombies
  A worker ant zombie (D:6)
  3 adders
  9 gnolls
  A howler monkey skeleton (D:4)
  A shadow imp (D:6)
  3 oozes
  An adder zombie (D:5)
  3 adder skeletons
  3 worms
  6 dart slugs
  3 giant geckos
  10 orcs
  A ball python (D:6)
  7 bats
  7 giant cockroaches
  12 goblins
  9 hobgoblins
  2 jackals (D:3)
  2 quokkas
  A giant gecko zombie (D:5)
  7 giant newts
  9 kobolds
  5 rats
130 creatures vanquished.

Vanquished Creatures (others)
  A quokka skeleton (D:6)
1 creature vanquished.

Grand Total: 131 creatures vanquished

Notes
Turn   | Place    | Note
--------------------------------------------------------------
     0 | D:1      | dvd the Deep Dwarf Fighter began the quest for the Orb.
     0 | D:1      | Reached XP level 1. HP: 20/20 MP: 1/1
   110 | D:1      | Reached XP level 2. HP: 24/27 MP: 2/2
   326 | D:1      | Reached XP level 3. HP: 28/34 MP: 3/3
  1002 | D:2      | Reached skill level 4 in Shields
  1002 | D:2      | Reached XP level 4. HP: 24/42 MP: 4/4
  1145 | D:2      | Found a bloodstained altar of Trog.
  1456 | D:3      | Reached skill level 1 in Dodging
  1518 | D:3      | Found a snail-covered altar of Cheibriados.
  1518 | D:3      | Found a deep blue altar of Sif Muna.
  1727 | D:3      | Reached skill level 1 in Throwing
  1727 | D:3      | Reached XP level 5. HP: 17/49 MP: 5/5
  1954 | D:3      | Found a shimmering altar of Xom.
  2247 | D:4      | Reached XP level 6. HP: 35/56 MP: 6/6
  2266 | D:4      | Noticed Grinder
  2274 | D:4      | Paralysed by Grinder for 4 turns
  2291 | D:4      | Paralysed by Grinder for 6 turns
  2299 | D:4      | Killed Grinder
  2299 | D:4      | Reached skill level 5 in Armour
  2299 | D:4      | Reached skill level 5 in Shields
  2311 | D:4      | Got a coiled jade ring
  2312 | D:4      | Identified the ring "Nahum" {Wiz *Confuse rPois rN+} (You found it on level 4 of the Dungeon)
  2376 | D:4      | Noticed Eustachio
  2409 | D:4      | Killed Eustachio
  2409 | D:4      | Reached XP level 7. HP: 21/62 MP: 7/7
  2441 | D:4      | Found a sparkling altar of Nemelex Xobeh.
  2748 | D:5      | Entered Level 5 of the Dungeon
  2920 | D:5      | Got a pair of slimy gloves
  2931 | D:5      | Identified the +2 pair of gloves of the Iron Devil {*Confuse +Blink rPois} (You found it on level 5 of the Dungeon)
  3234 | D:5      | Noticed Biblin's ghost (novice GrFE)
  3246 | D:5      | Killed Biblin's ghost
  3246 | D:5      | Reached skill level 1 in Stealth
  3246 | D:5      | Reached XP level 8. HP: 30/72 MP: 8/8
  3611 | D:6      | Found a shattered altar of Ashenzari.
  3757 | D:6      | Got an encrusted hand axe
  3758 | D:6      | Identified the cursed +1 hand axe "Bafegae" {elec, +Blink +Fly Str+8 Int-4} (You found it on level 6 of the Dungeon)
  3788 | D:6      | Reached skill level 6 in Shields
  3871 | D:6      | Gained mutation: Armour fits poorly on your strangely shaped body. [potion of mutation]
  3871 | D:6      | Gained mutation: You are frail (-10% HP). [potion of mutation]
  3871 | D:6      | Gained mutation: You have a pair of small horns on your head. [potion of mutation]
  3900 | D:6      | Reached skill level 5 in Dodging
  3922 | D:6      | Reached skill level 5 in Axes
  4086 | D:6      | Found a radiant altar of Vehumet.
  4086 | D:6      | Noticed Prince Ribbit
  4101 | D:6      | Killed Prince Ribbit
  4345 | D:7      | Found a staircase to the Ecumenical Temple.
  4550 | Temple   | Entered the Ecumenical Temple
  4674 | D:7      | Reached skill level 1 in Evocations
  4679 | D:7      | Found a basalt altar of Yredelemnul.
  4727 | D:7      | Noticed a phantasmal warrior
  4732 | D:7      | Noticed a death knight
  4735 | D:7      | Noticed a phantasmal warrior
  4739 | D:7      | Slain by a phantasmal warrior

Skill      XL: |  1  2  3  4  5  6  7  8 |
---------------+-------------------------+-----
Fighting       | 3 4 |  4.6
Armour         | 4 5 |  5.5
Shields        | 4 5 6 |  6.7
Dodging        | 1 2 3 4 5 |  5.7
Throwing       | 1 2 |  2.6
Axes           | 3 4 5 |  5.4
Stealth        | 1 3 |  3.4
Evocations     | 1 |  1.1

Action                   |  1- 3 |  4- 6 |  7- 9 || total
-------------------------+-------+-------+-------++-------
Melee: War axe           |   110 |   124 |    82 ||   316
       Hand axe          |     7 |       |    71 ||    78
       Headbutt          |       |       |    16 ||    16
Throw: Tomahawk          |     4 |    59 |    16 ||    79
Evoke: Wand              |       |     1 |    12 ||    13
  Use: Scroll            |     2 |       |     9 ||    11
       Potion            |       |     1 |     8 ||     9
 Stab: Paralysed         |       |       |     6 ||     6
       Distracted        |       |       |     1 ||     1
  Eat: Chunk             |     1 |     3 |     3 ||     7
       Meat ration       |       |       |     1 ||     1
Armor: Scale mail        |    37 |    55 |       ||    92
       Leather armour    |       |     8 |    45 ||    53
Dodge: Dodged            |    35 |    43 |    68 ||   146
Block: Shield            |    61 |    81 |   111 ||   253
